ITL
PORTLAND PRIVATEERS @ TRENTON STARS
06/26/2029
 
TOP OF THE 1ST
Portland Privateers batting - Pitching for Trenton Stars : RHP Roberto Carrillo
Pitching: RHP Roberto Carrillo
Batting: SHB Patrick Larson 0-0: Ball
1-0: Ground out 6-3 (Groundball, 6S)
Batting: RHB Joe Bailey 0-0: Ball
1-0: Called Strike
1-1: Foul Ball, location: 2F
1-2: Strikes out swinging
Batting: RHB José Balina 0-0: Ball
1-0: Foul Ball, location: 2F
1-1: Foul Ball, location: 2F
1-2: Strikes out looking
Top of the 1st over - 0 runs, 0 hits, 0 errors, 0 left on base; Portland 0 - Trenton 0
BOTTOM OF THE 1ST
Trenton Stars batting - Pitching for Portland Privateers : RHP Carlos Molina
Pitching: RHP Carlos Molina
Batting: LHB Gabriel Aragón 0-0: Foul Ball, location: 2F
0-1: Swinging Strike
0-2: Ball
1-2: SINGLE (Groundball, 34D)
Batting: RHB Tony Long 0-0: Ball
1-0: Ball
2-0: Ball
3-0: Base on Balls
Gabriel Aragón to second
Batting: RHB Ken McDonald 0-0: Ball
1-0: Ball
2-0: Foul Ball, location: 2F
2-1: Foul Ball, location: 2F
2-2: Hit by Pitch
Gabriel Aragón to third
Tony Long to second
Batting: LHB Frank Jackson 0-0: Ball
1-0: Ball
2-0: Ball
3-0: Called Strike
3-1: Foul Ball, location: 2F
3-2: Base on Balls
Gabriel Aragón scores
Tony Long to third
Ken McDonald to second
Pitching: RHP Sean Harden
Batting: RHB Aaron Washington 0-0: Called Strike
0-1: Ball
1-1: Ball
2-1: Swinging Strike
2-2: Foul Ball, location: 2F
2-2: Ball
3-2: Strikes out looking
Batting: RHB Randy Simons 0-0: Ball
1-0: Foul Ball, location: 2F
1-1: Ball
2-1: Ball
3-1: Base on Balls
Tony Long scores
Ken McDonald to third
Frank Jackson to second
Batting: RHB Paco Castillo 0-0: Called Strike
0-1: GRAND SLAM HOME RUN (Flyball, 78XD), Distance : 401 ft
Batting: LHB Paco Córdova 0-0: Called Strike
0-1: Foul Ball, location: 2F
0-2: Fly out, F4 (Line Drive, 4)
Batting: LHB Sixto Cortés 0-0: Ball
1-0: Called Strike
1-1: Ball
2-1: Ground out 3-1 (Groundball, 34S)
Bottom of the 1st over - 6 runs, 2 hits, 0 errors, 0 left on base; Portland 0 - Trenton 6
TOP OF THE 2ND
Portland Privateers batting - Pitching for Trenton Stars : RHP Roberto Carrillo
Batting: RHB Luis Pineda 0-0: Ball
1-0: Called Strike
1-1: Ground out 5-3 (Groundball, 56S)
Batting: SHB Cory Campbell 0-0: Ball
1-0: Called Strike
1-1: Ball
2-1: Ground out U3 (Groundball, 3)
Batting: LHB Carter Sweet 0-0: Ball
1-0: Ball
2-0: Called Strike
2-1: Foul Ball, location: 2F
2-2: Fly out, F8 (Flyball, 8LD)
Top of the 2nd over - 0 runs, 0 hits, 0 errors, 0 left on base; Portland 0 - Trenton 6
BOTTOM OF THE 2ND
Trenton Stars batting - Pitching for Portland Privateers : RHP Sean Harden
Batting: LHB Gabriel Aragón 0-0: Ball
1-0: SINGLE (Groundball, 4MD)
Batting: RHB Tony Long 0-0: Ball
1-0: Ball
2-0: SINGLE (Groundball, 6MD)
Gabriel Aragón to second
Runner from 2nd tries for 3rd, SAFE, throw made to third
Batting: RHB Ken McDonald 0-0: Ball
1-0: Called Strike
1-1: SINGLE (Groundball, 6MD)
Gabriel Aragón scores
Tony Long to second
Runner from 2nd tries for 3rd, SAFE, no throw
Batting: LHB Frank Jackson 0-0: Called Strike
0-1: Swinging Strike
0-2: Ball
1-2: Ball
2-2: Fielders Choice at 2nd, 5-4 (Groundball, 56)
Tony Long scores
Batting: RHB Aaron Washington 0-0: Called Strike
Frank Jackson steals 2nd base
0-1: Ball
1-1: Ball
2-1: Ground out 6-3 (Groundball, 6S)
Frank Jackson to third
Batting: RHB Randy Simons 0-0: Ball
1-0: Ground out 4-3 (Groundball, 4)
Bottom of the 2nd over - 2 runs, 3 hits, 0 errors, 1 left on base; Portland 0 - Trenton 8
TOP OF THE 3RD
Portland Privateers batting - Pitching for Trenton Stars : RHP Roberto Carrillo
Batting: LHB Arturo López 0-0: Ball
1-0: Ball
2-0: Ball
3-0: Base on Balls
Batting: LHB Jeff Dorney 0-0: Ball
1-0: Ball
2-0: Foul Ball, location: 2F
2-1: Ball
3-1: Fly out, F7 (Flyball, 7LMF)
Batting: RHB Dave Nelson 0-0: Swinging Strike
0-1: Swinging Strike
0-2: Ball
1-2: Strikes out swinging
Batting: SHB Patrick Larson 0-0: Fly out, F5 (Popup, 5SF)
Top of the 3rd over - 0 runs, 0 hits, 0 errors, 1 left on base; Portland 0 - Trenton 8
BOTTOM OF THE 3RD
Trenton Stars batting - Pitching for Portland Privateers : RHP Sean Harden
Batting: RHB Paco Castillo 0-0: Ball
1-0: Called Strike
1-1: Called Strike
1-2: TRIPLE (Flyball, 8RXD)
Batting: LHB Paco Córdova 0-0: Ball
Wild Pitch!
Paco Castillo scores
1-0: Foul Ball, location: 2F
1-1: Ground out 6-3 (Groundball, 6)
Batting: LHB Sixto Cortés 0-0: Ball
1-0: Fly out, F3 (Popup, 3F)
Batting: LHB Gabriel Aragón 0-0: SOLO HOME RUN (Flyball, 89D), Distance : 393 ft
Batting: RHB Tony Long 0-0: Ball
1-0: Ball
2-0: Ball
3-0: Base on Balls
Batting: RHB Ken McDonald 0-0: Called Strike
0-1: Ball
1-1: Foul Ball, location: 2F
1-2: Ground out U3 (Groundball, 3)
Bottom of the 3rd over - 2 runs, 2 hits, 0 errors, 1 left on base; Portland 0 - Trenton 10
TOP OF THE 4TH
Portland Privateers batting - Pitching for Trenton Stars : RHP Roberto Carrillo
Batting: RHB Joe Bailey 0-0: Ball
1-0: SINGLE (Flyball, 6MD)
Batting: RHB José Balina 0-0: Ball
1-0: Foul Ball, location: 2F
1-1: SINGLE (Groundball, 34D)
Joe Bailey to second
Runner from 2nd tries for 3rd, SAFE, no throw
Batting: RHB Luis Pineda 0-0: Ball
1-0: Swinging Strike
1-1: Ball
2-1: Foul Ball, location: 2F
2-2: Strikes out swinging
Batting: SHB Cory Campbell 0-0: Called Strike
0-1: Called Strike
0-2: Ball
1-2: Strikes out swinging
Batting: LHB Carter Sweet 0-0: Ball
1-0: Ball
2-0: Foul Ball, location: 2F
2-1: Swinging Strike
2-2: Ball
3-2: Strikes out swinging
Top of the 4th over - 0 runs, 2 hits, 0 errors, 2 left on base; Portland 0 - Trenton 10
BOTTOM OF THE 4TH
Trenton Stars batting - Pitching for Portland Privateers : RHP Sean Harden
Pitching: RHP Dan Ford
Batting: LHB Frank Jackson 0-0: Ball
1-0: Foul Ball, location: 2F
1-1: Foul Ball, location: 2F
1-2: Fly out, F7 (Line Drive, 78S)
Batting: RHB Aaron Washington 0-0: Called Strike
0-1: Ball
1-1: Called Strike
1-2: Ball
2-2: Fly out, F6 (Line Drive, 6M)
Batting: RHB Randy Simons 0-0: Ball
1-0: Ball
2-0: Called Strike
2-1: Ground out 5-3 (Groundball, 56)
Bottom of the 4th over - 0 runs, 0 hits, 0 errors, 0 left on base; Portland 0 - Trenton 10
TOP OF THE 5TH
Portland Privateers batting - Pitching for Trenton Stars : RHP Roberto Carrillo
Batting: LHB Arturo López 0-0: Ball
1-0: Called Strike
1-1: Ball
2-1: Foul Ball, location: 2F
2-2: Strikes out looking
Batting: LHB Jeff Dorney 0-0: SINGLE (Line Drive, 6MD)
Batting: RHB Dave Nelson 0-0: Ball
1-0: Called Strike
1-1: Ball
2-1: Grounds into double play, 1-4-3 (Groundball, 15S)
Top of the 5th over - 0 runs, 1 hit, 0 errors, 0 left on base; Portland 0 - Trenton 10
BOTTOM OF THE 5TH
Trenton Stars batting - Pitching for Portland Privateers : RHP Dan Ford
Batting: RHB Paco Castillo 0-0: Ball
1-0: Reached via error on a dropped throw, E1
Batting: LHB Paco Córdova 0-0: Called Strike
0-1: Ball
1-1: SINGLE (Line Drive, 89M)
Paco Castillo to second
Runner from 2nd tries for 3rd, SAFE, no throw
Batting: LHB Sixto Cortés 0-0: Ball
1-0: Called Strike
1-1: Called Strike
1-2: Foul Ball, location: 2F
1-2: Ball
2-2: Foul Ball, location: 2F
2-2: Fly out, F5 (Popup, 15S)
Batting: LHB Gabriel Aragón 0-0: Ball
1-0: Ball
2-0: Called Strike
2-1: Swinging Strike
2-2: Foul Ball, location: 2F
2-2: Foul Ball, location: 2F
2-2: DOUBLE (Groundball, 3L)
Paco Castillo scores
Paco Córdova to third
Runner from 3rd tries for Home, SAFE, no throw
Batting: RHB Tony Long 0-0: Ball
1-0: Called Strike
1-1: Ball
2-1: DOUBLE (Groundball, 5L)
Gabriel Aragón scores
Batting: RHB Ken McDonald 0-0: Called Strike
0-1: Called Strike
0-2: Ball
1-2: Ball
2-2: Ball
3-2: Foul Ball, location: 2F
3-2: Base on Balls
Batting: LHB Frank Jackson 0-0: Ball
1-0: Grounds into double play, 4-6-3 (Groundball, 4)
Bottom of the 5th over - 3 runs, 3 hits, 1 error, 1 left on base; Portland 0 - Trenton 13
TOP OF THE 6TH
Portland Privateers batting - Pitching for Trenton Stars : RHP Roberto Carrillo
Batting: SHB Patrick Larson 0-0: Ground out 6-3 (Groundball, 6M)
Batting: RHB Joe Bailey 0-0: Ball
1-0: Swinging Strike
1-1: Foul Ball, location: 2F
1-2: Ball
2-2: Foul Ball, location: 2F
2-2: Foul Ball, location: 2F
2-2: Fly out, F3 (Popup, 23F)
Batting: RHB José Balina 0-0: Called Strike
0-1: Ball
1-1: Ball
2-1: Ball
3-1: Base on Balls
Batting: RHB Luis Pineda 0-0: Ball
1-0: Called Strike
1-1: Ball
2-1: Ball
3-1: Foul Ball, location: 2F
3-2: Base on Balls
José Balina to second
Batting: SHB Cory Campbell 0-0: Called Strike
0-1: Swinging Strike
0-2: Foul Ball, location: 2F
0-2: Ball
1-2: Foul Ball, location: 2F
1-2: Foul Ball, location: 2F
1-2: Ball
2-2: Ball
3-2: Ground out 6-3 (Groundball, 6)
Top of the 6th over - 0 runs, 0 hits, 0 errors, 2 left on base; Portland 0 - Trenton 13
BOTTOM OF THE 6TH
Trenton Stars batting - Pitching for Portland Privateers : RHP Dan Ford
Batting: RHB Aaron Washington 0-0: Called Strike
0-1: Called Strike
0-2: Foul Ball, location: 2F
0-2: Ball
1-2: Ground out 1-3 (Groundball, P)
Batting: RHB Randy Simons 0-0: Ball
1-0: Called Strike
1-1: DOUBLE (Flyball, 8LXD)
Batting: RHB Paco Castillo 0-0: Foul Ball, location: 2F
0-1: Swinging Strike
0-2: Foul Ball, location: 2F
0-2: Ball
1-2: Strikes out looking
Batting: LHB Paco Córdova 0-0: Ball
1-0: Called Strike
1-1: Called Strike
1-2: Ball
2-2: Fly out, F7 (Flyball, 7LSF)
Bottom of the 6th over - 0 runs, 1 hit, 0 errors, 1 left on base; Portland 0 - Trenton 13
TOP OF THE 7TH
Portland Privateers batting - Pitching for Trenton Stars : RHP Roberto Carrillo
Batting: LHB Carter Sweet 0-0: Called Strike
0-1: Ball
1-1: Ball
2-1: Ball
3-1: SINGLE (Groundball, 34D)
Batting: LHB Arturo López 0-0: Swinging Strike
0-1: Called Strike
0-2: Foul Ball, location: 2F
0-2: Strikes out swinging
Batting: LHB Jeff Dorney 0-0: Ball
1-0: Ball
2-0: Ball
3-0: Base on Balls
Carter Sweet to second
Batting: RHB Dave Nelson 0-0: Swinging Strike
0-1: Foul Ball, location: 2F
0-2: Ball
1-2: Ball
2-2: DOUBLE (Line Drive, 78XD)
Carter Sweet scores
Jeff Dorney to third
Runner from 3rd tries for Home, SAFE, no throw
Pitching: RHP Darrell Stanley
Batting: SHB Patrick Larson 0-0: Ball
1-0: Swinging Strike
1-1: Ball
2-1: Ground out 4-3 (Groundball, 4)
Dave Nelson to third
Batting: RHB Joe Bailey 0-0: Ball
1-0: Foul Ball, location: 2F
1-1: Ground out 4-3 (Groundball, 4)
Top of the 7th over - 2 runs, 2 hits, 0 errors, 1 left on base; Portland 2 - Trenton 13
BOTTOM OF THE 7TH
Trenton Stars batting - Pitching for Portland Privateers : RHP Dan Ford
Pitching: RHP Tom Clement
Batting: LHB Sixto Cortés 0-0: Ball
1-0: Ball
2-0: Ball
3-0: Called Strike
3-1: Called Strike
3-2: Base on Balls
Batting: LHB Gabriel Aragón 0-0: Ball
1-0: Ball
2-0: Ball
3-0: Base on Balls
Sixto Cortés to second
Batting: RHB Tony Long 0-0: Called Strike
0-1: Ball
1-1: Swinging Strike
1-2: Ball
2-2: Ball
3-2: Base on Balls
Sixto Cortés to third
Gabriel Aragón to second
Batting: RHB Ken McDonald 0-0: Ball
1-0: Foul Ball, location: 2F
1-1: Called Strike
1-2: Ball
2-2: Foul Ball, location: 2F
2-2: Foul Ball, location: 2F
2-2: Ball
3-2: Base on Balls
Sixto Cortés scores
Gabriel Aragón to third
Tony Long to second
Batting: LHB Frank Jackson 0-0: Called Strike
0-1: Foul Ball, location: 2F
0-2: Ball
1-2: Fly out, F7 (Line Drive, 7S)
Runner from 3rd tags up, SCORES, no throw
Batting: RHB Aaron Washington 0-0: Ball
1-0: Ball
2-0: Fly out, F3 (Popup, 3SF)
Batting: RHB Randy Simons 0-0: Ball
1-0: Ball
2-0: Called Strike
2-1: Ball
3-1: Base on Balls
Tony Long to third
Ken McDonald to second
Pitching: RHP Nathan Thornton
Batting: RHB Paco Castillo 0-0: Ball
1-0: Fielders Choice at 2nd, U4 (Groundball, 4M)
Bottom of the 7th over - 2 runs, 0 hits, 0 errors, 3 left on base; Portland 2 - Trenton 15
TOP OF THE 8TH
Portland Privateers batting - Pitching for Trenton Stars : RHP Darrell Stanley
Batting: RHB José Balina 0-0: Ball
1-0: Ball
2-0: Called Strike
2-1: Foul Ball, location: 2F
2-2: Strikes out swinging
Batting: RHB Luis Pineda 0-0: Ball
1-0: Foul Ball, location: 2F
1-1: Foul Ball, location: 2F
1-2: Ball
2-2: Ball
3-2: Base on Balls
Batting: SHB Cory Campbell 0-0: Ball
1-0: Swinging Strike
1-1: Ball
2-1: Ball
3-1: Base on Balls
Luis Pineda to second
Batting: LHB Carter Sweet 0-0: Ball
1-0: Foul Ball, location: 2F
1-1: Foul Ball, location: 2F
1-2: Ball
2-2: Strikes out swinging
Batting: LHB Arturo López 0-0: Ball
1-0: Foul Ball, location: 2F
1-1: Swinging Strike
1-2: Strikes out swinging
Top of the 8th over - 0 runs, 0 hits, 0 errors, 2 left on base; Portland 2 - Trenton 15
BOTTOM OF THE 8TH
Trenton Stars batting - Pitching for Portland Privateers : RHP Nathan Thornton
Batting: LHB Paco Córdova 0-0: Ball
1-0: Called Strike
1-1: Ball
2-1: Foul Ball, location: 2F
2-2: Ground out 6-3 (Groundball, 6)
Batting: LHB Sixto Cortés 0-0: Foul Ball, location: 2F
0-1: Foul Ball, location: 2F
0-2: Ball
1-2: Ball
2-2: Ground out 6-3 (Groundball, 6)
Batting: LHB Gabriel Aragón 0-0: Ball
1-0: Ball
2-0: Ball
3-0: Called Strike
3-1: Base on Balls
Batting: RHB Tony Long 0-0: Ball
1-0: Called Strike
1-1: Called Strike
1-2: Foul Ball, location: 2F
1-2: Foul Ball, location: 2F
1-2: SINGLE (Line Drive, 8LS)
Gabriel Aragón to second
Batting: RHB Ken McDonald 0-0: Ball
1-0: Ball
2-0: Ball
3-0: Called Strike
3-1: Fielders Choice at 2nd, 6-4 (Groundball, 6)
Bottom of the 8th over - 0 runs, 1 hit, 0 errors, 2 left on base; Portland 2 - Trenton 15
TOP OF THE 9TH
Portland Privateers batting - Pitching for Trenton Stars : RHP Darrell Stanley
Now at 1B: Tom Waller
Batting: LHB Jeff Dorney 0-0: Ball
1-0: Called Strike
1-1: Foul Ball, location: 2F
1-2: Ball
2-2: Ball
3-2: Foul Ball, location: 2F
3-2: Base on Balls
Batting: RHB Dave Nelson 0-0: Called Strike
0-1: Grounds into double play, 6-4-3 (Groundball, 6)
Batting: SHB Patrick Larson 0-0: Ball
1-0: Called Strike
1-1: Swinging Strike
1-2: Foul Ball, location: 2F
1-2: Foul Ball, location: 2F
1-2: Ball
2-2: Strikes out swinging
Top of the 9th over - 0 runs, 0 hits, 0 errors, 0 left on base; Portland 2 - Trenton 15
Saturday, December 16th, 2017 - OOTP Baseball 18.8 Build 76